 Dungeon Crawl Stone Soup version 0.31-a0-844-gdc52ec4e09 (webtiles) character file.

Game seed: 8619203895665174131

79 Ethylacetat the Changeling (level 4, 0/29 HPs)
             Began as an Octopode Shapeshifter on Sept 30, 2023.
             Killed by nerve-wracking pain
             ... invoked by an orc priest
              (7 damage)
             ... on level 3 of the Dungeon.
             The game lasted 00:01:19 (1298 turns).

Ethylacetat the Changeling (Octopode Shapeshifter)  Turns: 1298, Time: 00:01:20

Health: 0/29       AC:  1    Str: 13    XL:     4   Next: 37%
Magic:  4/4        EV: 13    Int: 12    God:
Gold:   86         SH:  0    Dex: 13    Spells: 3/3 levels left

rFire   . .          .
                       - Unarmed
rCold   . . .        (no shield)
rNeg    . . .        (helmet currently unavailable)
rPois   .            (no amulet)
rElec   .            (no ring)
rCorr   .            (no ring)
SInv    .            (no ring)
Will    .....        (no ring)
Stlth   ++           (no ring)
HPRegen 0.24/turn    (no ring)
MPRegen 0.09/turn    (no ring)
                     (no ring)

%: no passive effects
@: beast-form
A: beast (slay +2), almost no armour, amphibious, 8 rings, camouflage 1,
gelatinous body 1, (nimble swimmer 1), tentacles
a: Begin Untransformation


You were on level 3 of the Dungeon.
You were a hulking beast.
You visited 1 branch of the dungeon, and saw 3 of its levels.

You collected 86 gold pieces.

Inventory:

Jewellery
 l - an amulet of guardian spirit
 p - an amulet of reflection
Talismans
 b - a beast talisman (active)
 c - a flux talisman
Scrolls
 d - 2 scrolls of blinking {unknown}
 e - 2 scrolls of enchant armour {unknown}
 f - 2 scrolls of identify {unknown}
 m - a scroll of enchant weapon {unknown}
 n - 2 scrolls of silence {unknown}
 o - a scroll of amnesia {unknown}
 q - a scroll of poison {unknown}
Potions
 a - 2 potions of lignification
 g - a potion of enlightenment {unknown}
 h - a potion of brilliance {unknown}
 i - 2 potions of haste {unknown}
 j - a potion of heal wounds {unknown}
 k - a potion of mutation {unknown}


   Skills:
 + Level 1.9 Fighting
 + Level 2.6 Dodging
 + Level 3.4 Unarmed Combat
 * Level 3.8 Shapeshifting


You had 3 spell levels left.
You didn't know any spells.
Your spell library was empty.

Dungeon Overview and Level Annotations

Branches:
Dungeon (3/15)

Altars:


Innate Abilities, Weirdness & Mutations

You are a hulking beast.
Your limbs bulge with bestial killing power. (Slay +2)
You cannot wear most types of armour.
You are amphibious.
You can wear up to eight rings at the same time.
Your skin changes colour to match your surroundings (Stealth+).
Your rubbery body absorbs attacks. (AC +1, EV +1)
((You are camouflaged when in or above water. (Stealth+)))
You have tentacles for arms and can constrict up to eight enemies at once.


Message History

You tentacle-slap the orc.
The orc is severely wounded.
You constrict the orc.
The orc escapes!
You tentacle-slap the orc.
You kill the orc!
The orc closely misses you.
You closely miss the orc. Your grab misses the orc.
The orc hits you with a +0 club.
You are too injured to fight recklessly!
You are too injured to fight recklessly!
You are too injured to fight recklessly!
You tentacle-slap the orc. You grab the orc.
The orc is heavily wounded.
You constrict the orc, but do no damage.
The orc priest calls upon Beogh to heal the orc.
The orc's wounds heal themselves!
The orc closely misses you.
You tentacle-slap the orc. You squeeze the orc.
The orc is moderately wounded.
You constrict the orc. The orc hits you with a +0 club.
You tentacle-slap the orc.
You kill the orc!
You tentacle-slap the orc priest. You grab the orc priest.
The orc priest is moderately wounded.
You constrict the orc priest, but do no damage.
The orc priest barely misses you.
You tentacle-slap the orc priest but do no damage.
The orc priest is moderately wounded.
You constrict the orc priest, but do no damage.
The orc priest hits you with a +0 dagger.
* * * LOW HITPOINT WARNING * * *
You tentacle-slap the orc priest.
The orc priest is heavily wounded.
You constrict the orc priest, but do no damage.
The orc priest barely misses you.
You tentacle-slap the orc priest but do no damage.
The orc priest is heavily wounded.
You constrict the orc priest.
The orc priest invokes the aid of Beogh against you.
Pain shoots through your body!
You die...

#.. ###.. #...# ....
#..######
#######........
......o).....#
###########h..#.#
................# #
##...)..##......#
#.......##.#....# #
#.......#..#....# #
#..#.........##....#
#
#....#+####........#
#.#..#.#.#
#..##.#..# <...#.#.#
##.## .#(.#


You could see an orc priest.

Vanquished Creatures
  An adder (D:2)
  3 worms (D:2)
  2 dart slugs (D:1)
  3 orcs (D:3)
  2 ball pythons
  3 endoplasms
  3 giant cockroaches
  7 goblins
  7 hobgoblins
  6 jackals (D:1)
  2 bats (D:1)
  A frilled lizard (D:2)
  5 kobolds
  2 rats
47 creatures vanquished.

Notes
Turn   | Place    | Note
-------+----------+-------------------------------------------
     0 | D:1      | Ethylacetat the Octopode Shapeshifter began the quest for
                  | the Orb.
     0 | D:1      | Reached XP level 1. HP: 13/13 MP: 1/1
    58 | D:1      | Reached XP level 2. HP: 18/18 MP: 2/2
   269 | D:1      | Reached XP level 3. HP: 19/23 MP: 3/3
   831 | D:2      | Reached XP level 4. HP: 23/29 MP: 4/4
  1298 | D:3      | Killed from afar by an orc priest

Illustrated notes

Levels and vault maps discovered:
D:1:      dpeg_arrival_rooms_c, layout_rooms
D:2:      layout_basic, corexii_corridor_pit, nicolae_titane
D:3:      layout_basic, chequers_temple_overflow_statue_of_worship

Action                     |  1- 3 |  4- 6 || total
---------------------------+-------+-------++-------
  Melee: Unarmed           |    70 |    28 ||    98
         Tentacles         |    15 |     4 ||    19
         Constrict         |    17 |     8 ||    25
         Punch             |     2 |     2 ||     4
   Stab: Sleeping          |     6 |     3 ||     9
 Armour: Skin              |    27 |     6 ||    33
  Dodge: Dodged            |    37 |     9 ||    46

Table legend: (Time is in decaauts)
 A = Elapsed time spent in this place.
 B = Non-inter-level travel time spent in this place.
 C = Inter-level travel time spent in this place.
 D = Time resting spent in this place.
 E = Time spent auto-exploring this place.
 F = Levels seen in this place.
 G = Mean time per level.
                   A        B        C        D        E       F      G
               +--------+--------+--------+--------+--------+-----+--------+
         Total |   1292 |   1246 |     46 |      0 |    980 |   3 |  430.7 |
       Dungeon |   1292 |   1246 |     46 |      0 |    980 |   3 |  430.7 |
               +--------+--------+--------+--------+--------+-----+--------+

Top non-repeatable levels by time:
     D:2: 680 daAuts
     D:1: 496 daAuts
     D:3: 114 daAuts
